 Dungeon Crawl Stone Soup version 0.19.1 (webtiles) character file.

396 Lilleppy the Archer (level 6, -1/42 HPs)
             Began as a High Elf Hunter on Dec 7, 2016.
             Was a Priest of Zin.
             Slain by a sky beast (6 damage)
             ... on level 5 of the Dungeon.
             The game lasted 00:12:01 (3111 turns).

Lilleppy the Archer (High Elf Hunter)               Turns: 3111, Time: 00:12:02

Health: -1/42      AC:  4    Str: 11    XL:     6   Next: 52%
Magic:  7/7        EV: 13    Int: 16    God:    Zin [***...]
Gold:   24         SH:  0    Dex: 17    Spells: 0 memorised, 5 levels left

rFire  . . .     SeeInvis .     a - +1 shortbow
rCold  . . .     Gourm    .     c - +0 leather armour
rNeg   . . .     Faith    .     (shield currently unavailable)
rPois  .         Spirit   .     l - +0 helmet
rElec  .         Reflect  .     (no cloak)
rCorr  .         Harm     .     (no gloves)
MR     .....                    (no boots)
Stlth  ++........               (no amulet)
                                (no ring)
                                (no ring)

@: no status effects
A: subdued magic 1
a: Recite, Vitalisation, Imprison, Donate Gold, Renounce Religion


You were on level 5 of the Dungeon.
You worshipped Zin.
Zin was most pleased with you.
You were not hungry.

You visited 1 branch of the dungeon, and saw 5 of its levels.

You collected 133 gold pieces.
You donated 109 gold pieces to Zin.

Inventory:

Hand Weapons
 a - a +1 shortbow (weapon)
 b - a +0 short sword
 k - a +0 falchion
Missiles
 d - 22 arrows (quivered)
Armour
 c - a +0 leather armour (worn)
 l - a +0 helmet (worn)
Scrolls
 e - a scroll of identify
 f - a scroll of enchant armour {unknown}
 g - a scroll of fear
 j - 2 scrolls of blinking
Potions
 h - a potion of flight {unknown}
Comestibles
 i - 9 fruits
 o - a meat ration


   Skills:
 + Level 3.2 Fighting
 + Level 9.1 Bows
 + Level 1.2 Armour
 + Level 2.9 Dodging
 + Level 1.8 Stealth


You had 5 spell levels left.
You didn't know any spells.

Dungeon Overview and Level Annotations

Branches:
Dungeon (5/15)
 Temple: D:4-7

Altars:
Zin
The Shining One

Annotations:
D:5 1 runed door


Innate Abilities, Weirdness & Mutations

Your spells are a little easier to cast, but a little less powerful.


Message History

* * * LOW HITPOINT WARNING * * *
The sky beast hits you but does no damage.
Firing (i - inventory):
d - 23 arrows (quivered)
Press: ? - help, Shift-Dir - straight line, f - sky beast
Aim: a sky beast You shoot an arrow.
The arrow barely misses the sky beast.
The sky beast flickers out of sight!
Deactivating autopickup; reactivate with Ctrl-A.
Something barely misses you.
Firing (i - inventory):
d - 22 arrows (quivered)
Press: ? - help, Shift-Dir - straight line, f - you
Okay, then.
Firing (i - inventory):
d - 22 arrows (quivered)
Press: ? - help, Shift-Dir - straight line, f - you
Okay, then.
Something hits you but does no damage. Something hits you.
* * * LOW HITPOINT WARNING * * *
Something shocks you.
You die...

......###.....#(.....#
............# #[....<#
......##....###...#..#.
..... #.#.............#
.... #.#........#......
... #.########.####.###
.. #............ ... #
#######'########.## ...
.........@.....#.# ...
...............#.#
....#######(...# ...
#....# .. +....# .
#...(# #(...# .....#
.(...#


There were no monsters in sight!

Vanquished Creatures
  A howler monkey (D:4)
  A crimson imp (D:4)
  An orc priest (D:4)
  3 hounds
  An iguana (D:4)
  2 worker ants
  Robin (D:2)
  6 adders
  A worm (D:2)
  2 leopard geckos (D:2)
  7 orcs
  4 bats
  3 giant cockroaches
  6 hobgoblins
  7 kobolds
  A ball python (D:2)
  2 frilled lizards
  7 goblins
  A goblin skeleton (D:4)
  A hobgoblin zombie (D:4)
  3 kobold skeletons (D:4)
  3 orc skeletons (D:4)
  4 orc zombies (D:4)
  2 rats (D:2)
70 creatures vanquished.

Notes
Turn   | Place    | Note
-------+----------+-------------------------------------------
     0 | D:1      | Lilleppy the High Elf Hunter began the quest for the Orb.
     0 | D:1      | Reached XP level 1. HP: 14/14 MP: 2/2
   399 | D:1      | Reached XP level 2. HP: 19/19 MP: 3/3
   819 | D:2      | Noticed Robin
   825 | D:2      | Reached skill level 6 in Bows
   834 | D:2      | Killed Robin
   834 | D:2      | Reached XP level 3. HP: 18/25 MP: 4/4
  1480 | D:2      | Found a faded altar of an unknown god.
  1486 | D:2      | Reached XP level 4. HP: 30/30 MP: 5/5
  1487 | D:2      | Became a worshipper of Zin the Law-Giver
  1487 | D:2      | Reached * piety under Zin
  1515 | D:2      | Donated 22 gold pieces to Zin
  1672 | D:2      | Reached skill level 7 in Bows
  2431 | D:3      | Reached XP level 5. HP: 28/35 MP: 6/6
  2479 | D:3      | Reached ** piety under Zin
  2610 | D:4      | Reached skill level 8 in Bows
  2610 | D:4      | Reached skill level 1 in Armour
  2689 | D:4      | Reached XP level 6. HP: 14/42 MP: 7/7
  2889 | D:4      | Found a glowing golden altar of the Shining One.
  2894 | D:4      | Reached skill level 9 in Bows
  2936 | D:4      | Gained mutation: Your spells are a little easier to cast, but a little less powerful. [potion of mutation]
  2939 | D:4      | Donated 38 gold pieces to Zin
  2940 | D:4      | Donated 19 gold pieces to Zin
  2941 | D:4      | Donated 9 gold pieces to Zin
  2942 | D:4      | Donated 5 gold pieces to Zin
  2943 | D:4      | Donated 2 gold pieces to Zin
  2944 | D:4      | Donated 1 gold piece to Zin
  3059 | D:5      | Entered Level 5 of the Dungeon
  3097 | D:5      | Noticed a sky beast
  3099 | D:5      | Found a runed door.
  3104 | D:5      | Reached *** piety under Zin
  3111 | D:5      | Slain by a sky beast

Skill      XL: |  1  2  3  4  5  6 |
---------------+-------------------+-----
Bows           | 6 7 8 9 |  9.1
Armour         | 1 |  1.2
Fighting       | 3 |  3.2
Dodging        | |  2.9
Stealth        | |  1.8

Action                   |  1- 3 |  4- 6 || total
-------------------------+-------+-------++-------
Melee: Shortbow          |       |    72 ||    72
 Fire: Shortbow          |   103 |   168 ||   271
Invok: Donate Gold       |       |     8 ||     8
  Use: Scroll            |       |     8 ||     8
       Potion            |       |     6 ||     6
  Eat: Bread ration      |     1 |     1 ||     2
Armor: Leather armour    |     8 |    23 ||    31
       Skin              |       |     5 ||     5
Dodge: Dodged            |    30 |    62 ||    92
